 Dungeon Crawl Stone Soup version 0.23.2-1-ga50397a (webtiles) character file.

Game seed: 14128079146704030724

46038 Fang the Fighter (level 14, -2/94 HPs)
             Began as a Gargoyle Berserker on Apr 16, 2019.
             Was a High Priest of Trog.
             Slain by a tyrant leech (5 damage)
             ... on level 6 of the Lair of Beasts.
             The game lasted 00:22:43 (15447 turns).

Fang the Fighter (Gargoyle Berserker)              Turns: 15447, Time: 00:22:44

Health: -2/94      AC: 33    Str: 26    XL:     14   Next: 35%
Magic:  23/23      EV: 18    Int:  8    God:    Trog [*****.]
Gold:   1222       SH:  0    Dex:  9    Spells: 13/13 levels left

rFire    + . .     SeeInvis +   I - +3 executioner's axe (elec)
rCold    + + .     Gourm    .   (shield currently unavailable)
rNeg     + . .     Faith    .   O - +3 plate armour {rC+}
rPois    ∞         Spirit   .   N - +2 helmet of Naem {MR+ rCorr MP+9}
rElec    +         Reflect  .   w - scarf {rC+ rF+}
rCorr    +         Harm     .   (no gloves)
MR       ++...                  (no boots)
Stlth    ..........             (no amulet)
HPRegen  0.25/turn              G - +6 ring of evasion
MPRegen  0.18/turn              E - ring of see invisible

@: flying, hasted, very quick
A: big wings, negative energy resistance 1, electricity resistance, unbreathing,
petrification resistance, rot immunity, AC +10
a: Stop Flying, Berserk, Trog's Hand, Brothers in Arms, Renounce Religion


You were on level 6 of the Lair of Beasts.
You worshipped Trog.
Trog was extremely pleased with you.
You were not hungry.

You visited 3 branches of the dungeon, and saw 18 of its levels.
You also visited: Gauntlet.

You collected 1222 gold pieces.

Inventory:

Hand Weapons
 a - a +8 war axe
 f - a +6 broad axe of freezing
 l - a +1 hand axe of chopping
 I - a +3 executioner's axe of electrocution (weapon)
Armour
 k - the +2 ring mail "Dyn Osox" {Regen+}
   (You found it on level 5 of the Dungeon)

   It increases your rate of regeneration.
 w - a scarf of resistance (worn)
 x - the +0 helmet "Bybaisyr" {rElec}
   (You found it in a Gauntlet)

   It insulates you from electricity.
 J - the +3 leather armour of the Guilds {rC+}
   (You found it on level 11 of the Dungeon)

   It protects you from cold.
 K - a +0 crystal plate armour
 N - the +2 helmet of Naem (worn) {MR+ rCorr MP+9}
   (You found it in a Gauntlet)

   It affects your resistance to hostile enchantments.
   It affects your magic capacity (+9).
   It provides partial protection from all sources of acid and corrosion.
 O - a +3 plate armour of cold resistance (worn)
Jewellery
 q - an uncursed ring of positive energy
 u - an uncursed ring of protection from cold
 C - a +2 ring of intelligence
 E - a ring of see invisible (right hand)
 G - a +6 ring of evasion (left hand)
Wands
 n - a wand of disintegration (3)
 s - a wand of paralysis (4)
 M - a wand of scattershot (12)
Scrolls
 i - 2 scrolls of blinking
 j - 11 scrolls of teleportation
 m - 5 scrolls of fog
 y - 4 scrolls of remove curse
 A - 3 scrolls of identify
 F - 2 scrolls of magic mapping
 L - a scroll of fear
 P - a scroll of holy word
Potions
 d - 6 potions of brilliance
 e - a potion of flight
 g - 2 potions of berserk rage
 h - a potion of might
 o - a potion of cancellation
 p - 3 potions of agility
 r - 5 potions of curing
 t - a potion of ambrosia
 v - 2 potions of mutation
 z - a potion of haste
 B - a potion of resistance
 D - a potion of magic
 H - a potion of invisibility
 R - a potion of heal wounds
Comestibles
 c - 24 rations


   Skills:
 + Level 13.5 Fighting
 + Level 11.6 Axes
 + Level 13.4 Armour
 + Level 10.6 Dodging


You had 13 spell levels left.
You didn't know any spells.
Your spell library was empty.

Dungeon Overview and Level Annotations

Branches:
Dungeon (11/15)            Temple (1/1) D:6            Lair (6/6) D:10
 Shoals (0/4) Lair:4        Snake (0/4) Lair:2          Orc (0/2) D:11
  Slime: Lair:5-6

Altars:
Fedhas
Kikubaaqudgha
Nemelex Xobeh
Trog
Vehumet
Xom
Yredelemnul
The Shining One

Shops:
D:10 (

Annotations:
Lair:4 exclusion: 4 oklob plants
Lair:5 2 transporters, Panli's ghost, journeyman CeAM


Innate Abilities, Weirdness & Mutations

You are resistant to torment.
Your stone body is resilient. (AC +10)
You are immune to poison.
Your large and strong wings let you fly indefinitely.
You resist negative energy. (rN+)
You are resistant to electric shocks. (rElec)
You can survive without breathing.
You are immune to petrification.
You are immune to rotting.


Message History

The tyrant leech closely misses you.
The tyrant leech bites the plant!!
The tyrant leech bites you but does no damage.
The komodo dragon closely misses you.
The hippogriff bites you but does no damage.
The hippogriff barely misses you.
The hippogriff claws you but does no damage.
The tyrant leech bites you but does no damage.
The tyrant leech bites you!!
* * * LOW HITPOINT WARNING * * *
The komodo dragon bites you but does no damage.
The hippogriff bites you but does no damage.
The hippogriff barely misses you. x2; The tyrant leech bites you!!
* * * LOW HITPOINT WARNING * * *
The water moccasin hisses angrily.
You are too injured to fight recklessly!
You are too injured to fight recklessly!
You feel yourself speed up.
You feel yourself speed up. The tyrant leech bites you.
You die... ### #.############ ####.#.≈≈##≈#.#.## #.#...≈≈≈≈≈≈≈....#### #...≈≈≈≈≈≈≈≈≈≈≈.....# ##.≈≈≈#######≈≈≈....# #..≈ww#≈ww≈≈##≈≈..... ##.wwwwywww.

#≈≈..... #..S@P#≈ww≈≈
#≈≈###..
#..l≈H#######≈≈≈≈.P.#
.S.....≈≈≈≈
≈≈≈≈......
.........≈≈≈≈
≈≈........
...........#≈≈P
....... ......P....#
≈. .#.###.
...........# # ##
.....###...# #


You could see 10 tyrant leeches, a moth of wrath, a komodo dragon, a hippogriff,
a black mamba, a swamp worm and a water moccasin.

Vanquished Creatures
  An entropy weaver (Lair:5)
  Nessos (Lair:6)
  A minotaur (Gauntlet)
  A catoblepas (Gauntlet)
  A queen ant (Lair:5)
  2 two-headed ogres
  8 death yaks
  Urug (Lair:5)
  2 thrashing horrors (Gauntlet)
  An ugly thing (D:11)
  A manticore (D:11)
  A cyclops (D:11)
  A gargoyle (Gauntlet)
  A rust devil (Gauntlet)
  5 black mambas
  A torpor snail (Lair:5)
  4 kobold demonologists
  8 spiny frogs
  7 komodo dragons
  2 rime drakes
  A polar bear (Lair:4)
  3 tyrant leeches (Lair:6)
  5 dream sheep (Lair:6)
  10 hippogriffs
  A blink frog (Lair:5)
  Sigmund (D:3)
  A wraith (D:11)
  A ynoxinul (Gauntlet)
  40 yaks
  2 wyverns
  3 basilisks
  4 hungry ghosts
  5 soldier ants (Lair:5)
  4 nagas (Lair:2)
  10 water moccasins
  9 porcupines
  2 hell hounds (Lair:6)
  3 ice beasts
  5 orc warriors
  2 black bears (D:6)
  An eye of draining (D:10)
  4 phantoms
  2 sky beasts
  5 ogres
  A necrophage (D:10)
  11 centaurs
  16 wolves
  8 crocodiles
  9 big kobolds
  13 bullfrogs
  A wyvern zombie (D:3)
  2 small abominations (Gauntlet)
  A scorpion (D:7)
  4 troll zombies (D:11)
  7 jellies
  6 killer bees
  3 wights (D:5)
  4 electric eels
  2 howler monkeys
  A bullfrog zombie (D:9)
  7 crimson imps
  A centaur zombie (D:7)
  5 orc priests
  7 hounds
  A bullfrog skeleton (D:6)
  3 centaur skeletons
  3 iguanas
  4 iron imps (Gauntlet)
  15 orc wizards
  13 worker ants
  2 ogre zombies (D:11)
  A hound zombie (D:3)
  A howler monkey zombie (D:8)
  2 worker ant zombies (D:11)
  15 adders
  3 gnolls (D:5)
  A river rat (D:10)
  5 shadow imps
  2 oozes
  An adder skeleton (D:4)
  3 worms
  2 dart slugs
  7 leopard geckos
  45 orcs
  7 giant cockroaches
  11 goblins
  8 hobgoblins
  8 jackals
  10 kobolds
  2 quokkas (D:2)
  A ball python (D:2)
  8 bats
  6 frilled lizards
  A goblin zombie (D:11)
  2 hobgoblin skeletons (D:11)
  A hobgoblin zombie (D:11)
  A jackal skeleton (D:4)
  A jackal zombie (D:5)
  A leopard gecko zombie (D:6)
  3 orc skeletons (D:11)
  12 orc zombies (D:11)
  6 rats
  2 demonic plants (Gauntlet)
  2 fungi
  10 plants
515 creatures vanquished.

Vanquished Creatures (collateral kills)
  An entropy weaver (Lair:5)
  A hydra (Lair:4)
  A crocodile (Lair:5)
3 creatures vanquished.

Vanquished Creatures (others)
  5 demonic plants (Gauntlet)
  5 fungi
  3 plants
13 creatures vanquished.

Grand Total: 531 creatures vanquished

Notes
Turn   | Place    | Note
-------+----------+-------------------------------------------
     0 | D:1      | Fang the Gargoyle Berserker began the quest for the Orb.
     0 | D:1      | Reached XP level 1. HP: 14/14 MP: 1/1
   112 | D:1      | Reached XP level 2. HP: 17/19 MP: 2/2
   273 | D:1      | Reached XP level 3. HP: 13/23 MP: 3/3
   775 | D:2      | Reached ** piety under Trog
   836 | D:2      | Reached XP level 4. HP: 21/29 MP: 4/4
  1128 | D:2      | Found an ancient bone altar of Kikubaaqudgha.
  1128 | D:2      | Found a blossoming altar of Fedhas.
  1318 | D:2      | Reached XP level 5. HP: 11/33 MP: 5/5
  2307 | D:3      | Noticed Sigmund
  2314 | D:3      | Killed Sigmund
  2314 | D:3      | Reached XP level 6. HP: 28/39 MP: 6/6
  2624 | D:3      | Reached *** piety under Trog
  2705 | D:3      | Reached skill level 5 in Fighting
  2825 | D:3      | Found a sparkling altar of Nemelex Xobeh.
  2836 | D:3      | Reached XP level 7. HP: 41/44 MP: 7/7
  3838 | D:5      | Entered Level 5 of the Dungeon
  3916 | D:5      | Got a spiked ring mail
  3927 | D:5      | Identified the +2 ring mail "Dyn Osox" {Regen+} (You found
                  | it on level 5 of the Dungeon)
  4216 | D:5      | Reached skill level 5 in Armour
  4390 | D:5      | Reached XP level 8. HP: 29/51 MP: 8/8
  4668 | D:6      | Reached skill level 5 in Axes
  4677 | D:6      | Reached **** piety under Trog
  4744 | D:6      | Found a staircase to the Ecumenical Temple.
  4757 | Temple   | Entered the Ecumenical Temple
  4928 | D:6      | Found a basalt altar of Yredelemnul.
  5183 | D:6      | Reached XP level 9. HP: 50/56 MP: 9/9
  5242 | D:7      | Reached skill level 5 in Dodging
  5425 | D:7      | Found a shimmering altar of Xom.
  5425 | D:7      | Found a radiant altar of Vehumet.
  5426 | D:7      | Found a bloodstained altar of Trog.
  6093 | D:8      | Reached ***** piety under Trog
  6157 | D:8      | Identified the +12 short sword "Xaru" {drain, Dex+3}
  6382 | D:8      | Reached XP level 10. HP: 59/64 MP: 10/10
  6703 | D:9      | Received a gift from Trog
  6909 | D:9      | Noticed a two-headed ogre
  6917 | D:9      | Killed a two-headed ogre
  7227 | D:9      | Noticed a kobold demonologist
  7243 | D:9      | Killed a kobold demonologist
  7296 | D:10     | Entered Level 10 of the Dungeon
  7806 | D:10     | Noticed a death yak
  7808 | D:10     | Found a staircase to the Lair.
  7809 | D:10     | Noticed a death yak
  7810 | D:10     | Noticed a death yak
  7812 | D:10     | Noticed a two-headed ogre
  7816 | D:10     | Killed a death yak
  7816 | D:10     | Reached XP level 11. HP: 65/72 MP: 11/11
  7823 | D:10     | Killed a death yak
  7825 | D:10     | Killed a two-headed ogre
  7825 | D:10     | Reached skill level 10 in Fighting
  7825 | D:10     | Killed a death yak
  8064 | D:10     | Found Dupoany's Weapon Emporium.
  8263 | D:11     | Noticed a sixfirhy
  8266 | D:11     | Reached skill level 10 in Armour
  8285 | D:11     | Noticed a manticore
  8289 | D:11     | Noticed a brown ugly thing
  8300 | D:11     | Killed a brown ugly thing
  8301 | D:11     | Killed a manticore
  8648 | D:11     | Found a staircase to the Orcish Mines.
  8924 | D:11     | Noticed a cyclops
  8935 | D:11     | Killed a cyclops
  9191 | D:11     | Got a faintly humming leather armour
  9202 | D:11     | Identified the +3 leather armour of the Guilds {rC+} (You
                  | found it on level 11 of the Dungeon)
  9246 | D:11     | Paralysed by fainting for 5 turns
  9442 | Lair:1   | Entered Level 1 of the Lair of Beasts
  9483 | Lair:1   | Reached XP level 12. HP: 36/79 MP: 12/12
 10105 | Lair:1   | Found a glowing golden altar of the Shining One.
 10244 | Lair:1   | Received a gift from Trog
 10441 | Lair:2   | Found a staircase to the Snake Pit.
 11467 | Lair:3   | Found a gate leading to a gauntlet.
 11483 | Gauntlet | Entered a Gauntlet
 11483 | Gauntlet | Found a transporter.
 11483 | Gauntlet | Found a transporter.
 11506 | Gauntlet | Found a transporter.
 11520 | Gauntlet | Found a transporter.
 11539 | Gauntlet | Noticed a catoblepas
 11540 | Gauntlet | Found a transporter.
 11556 | Gauntlet | Found a transporter.
 11576 | Gauntlet | Noticed a thrashing horror
 11578 | Gauntlet | Found a transporter.
 11663 | Gauntlet | Reached skill level 10 in Axes
 11731 | Gauntlet | Found a transporter.
 11763 | Gauntlet | Killed a catoblepas
 11864 | Gauntlet | Found a transporter.
 11875 | Gauntlet | Noticed a thrashing horror
 11895 | Gauntlet | Killed a thrashing horror
 11911 | Gauntlet | Found a transporter.
 11927 | Gauntlet | Killed a thrashing horror
 11932 | Gauntlet | Got a shimmering helmet
 11938 | Gauntlet | Identified the cursed +0 helmet "Bybaisyr" {rElec} (You
                  | found it in a Gauntlet)
 12040 | Gauntlet | Noticed a minotaur
 12049 | Gauntlet | Killed a minotaur
 12049 | Gauntlet | Reached XP level 13. HP: 86/86 MP: 13/13
 12089 | Gauntlet | Found the +5 pair of quick blades "Gyre" and "Gimble"
                  | {pierce, Dex-3}
 12112 | Gauntlet | Got a heavily runed helmet
 12136 | Lair:3   | Identified the +2 helmet of Naem {MR+ rCorr MP+9} (You
                  | found it in a Gauntlet)
 12469 | Lair:3   | Received a gift from Trog
 13368 | Lair:4   | Found a staircase to the Shoals.
 13784 | Lair:5   | Reached skill level 10 in Dodging
 13846 | Lair:5   | Found a transporter.
 13848 | Lair:5   | Noticed Panli's ghost (journeyman CeAM)
 13850 | Lair:5   | Found a transporter.
 13874 | Lair:5   | Noticed Urug
 13882 | Lair:5   | Killed Urug
 14245 | Lair:5   | Found a frozen archway.
 14360 | Lair:5   | Noticed an entropy weaver
 14376 | Lair:5   | Killed an entropy weaver
 14378 | Lair:5   | Gained mutation: Your large and strong wings let you fly
                  | indefinitely. [Gargoyle growth]
 14378 | Lair:5   | Reached XP level 14. HP: 40/94 MP: 14/14
 14390 | Lair:5   | Noticed an entropy weaver
 14394 | Lair:5   | Killed an entropy weaver
 14725 | Lair:6   | Entered Level 6 of the Lair of Beasts
 14729 | Lair:6   | Noticed Nessos
 14743 | Lair:6   | Killed Nessos
 15005 | Lair:6   | Received a gift from Trog
 15446 | Lair:6   | HP: 2/94 [tyrant leech (21)]
 15447 | Lair:6   | Slain by a tyrant leech

Skill      XL: |  1  2  3  4  5  6  7  8  9 10 11 12 13 |
---------------+----------------------------------------+-----
Axes           | 3 4 5 6 8 9 10 11 | 11.6
Dodging        | 2 3 4 5 7 8 9 10 | 10.6
Armour         | 3 4 5 6 7 9 10 11 13 | 13.4
Fighting       | 4 5 6 8 9 10 12 13 | 13.5

Action                   |  1- 3 |  4- 6 |  7- 9 | 10-12 | 13-15 || total
-------------------------+-------+-------+-------+-------+-------++-------
Melee: Hand axe          |    90 |   184 |   137 |       |       ||   411
       War axe           |       |       |   222 |    27 |       ||   249
       Broad axe         |       |       |       |   316 |       ||   316
       Executioner's axe |       |       |       |   184 |   334 ||   518
Invok: Berserk           |       |     1 |     3 |     8 |     3 ||    15
       Trog's Hand       |       |       |       |     2 |     2 ||     4
       Brothers in Arms  |       |       |       |       |     2 ||     2
 Abil: Fly               |       |       |       |       |     1 ||     1
  Use: Scroll            |       |       |    12 |    21 |     7 ||    40
       Potion            |       |       |       |     1 |     1 ||     2
 Stab: Sleeping          |       |     2 |       |       |       ||     2
  Eat: Chunk             |       |     7 |    14 |    22 |    15 ||    58
       Ration            |       |       |     1 |     4 |       ||     5
Armor: Animal skin       |    32 |    37 |       |       |       ||    69
       Chain mail        |       |    44 |    49 |       |       ||    93
       Ring mail         |       |       |   183 |   344 |       ||   527
       Plate armour      |       |       |       |       |   292 ||   292
Dodge: Dodged            |    67 |   102 |   300 |   745 |   436 ||  1650
